 Dungeon Crawl Stone Soup version 0.20-a0-1124-g2e29d97 (webtiles) character file.

94 slaughtererex the Skirmisher (level 4, -1/40 HPs)
             Began as a Draconian Berserker on May 16, 2017.
             Was a Believer of Trog.
             Slain by Sigmund
             ... wielding a +0 scythe
              (9 damage)
             ... on level 3 of the Dungeon.
             The game lasted 00:04:05 (2050 turns).

slaughtererex the Skirmisher (Draconian Berserker)  Turns: 2050, Time: 00:04:07

Health: -1/40      AC:  7    Str: 19    XL:     4   Next: 38%
Magic:  4/4        EV: 13    Int:  8    God:    Trog [**....]
Gold:   48         SH:  0    Dex: 11    Spells: 3/3 levels left

rFire    . . .     SeeInvis .   a - +1 falchion
rCold    . . .     Gourm    .   (no shield)
rNeg     . . .     Faith    .   (armour unavailable)
rPois    .         Spirit   .   (helmet restricted)
rElec    .         Reflect  .   (no cloak)
rCorr    .         Harm     .   (no gloves)
MR       .....                  d - +1 pair of boots
Stlth    +.........             (no amulet)
Regen    0.2/turn               (no ring)
MPRegen  0.1/turn               (no ring)

@: confused, hasted, very quick
A: unfitting armour, cold-blooded, AC +5
a: Berserk, Trog's Hand, Burn Spellbooks, Renounce Religion


You were on level 3 of the Dungeon.
You worshipped Trog.
Trog was pleased with you.
You were not hungry.

You visited 1 branch of the dungeon, and saw 3 of its levels.

You collected 48 gold pieces.

Inventory:

Hand Weapons
 a - a +1 falchion (weapon)
Armour
 d - a +1 pair of boots (worn)
Scrolls
 e - a scroll of random uselessness {unknown}
Comestibles
 b - 2 bread rations


   Skills:
 + Level 4.2 Fighting
 + Level 3.8 Long Blades
 + Level 3.4 Dodging
 + Level 0.4 Stealth


You had 3 spell levels left.
You didn't know any spells.

Dungeon Overview and Level Annotations

Branches:
Dungeon (3/15)

Altars:

Annotations:
D:3 Sigmund


Innate Abilities, Weirdness & Mutations

Your plain brown scales are hard. (AC +5)
You cannot fit into any form of body armour.
You are cold-blooded and may be slowed by cold attacks.


Message History

You see here a scroll labeled MASHIA IQEINYB.
Something hits you.
You slash something! Something hits you!
You completely miss something.
You hear some strange, mumbled words.
A magic dart appears from out of thin air!
The magic dart hits you! Something hits you but does no damage.
You feel less confused.
You hear some strange, mumbled words.
A magic dart appears from out of thin air!
The magic dart hits you!
You miss something.
You hear some strange, mumbled words.
You are confused.
Something hits you! Something hits you.
* * * LOW HITPOINT WARNING * * *
It was a potion of haste.
You feel yourself speed up. Something hits you!
You die...

## ## .. #...# ...
#######.#.###...
#(.$...........
.....$.......###
#..............
#....$...(##.#####
........@........
....^.....##..##
.......{......##
........?###...#
#.....######.#.####
#.....#......#....#
..#####......##...#
# #......##...#
#......##.###


There were no monsters in sight!

Vanquished Creatures
  Jessica (D:3)
  3 adders (D:2)
  2 worms
  A dart slug (D:1)
  2 leopard geckos (D:3)
  A ball python (D:2)
  7 bats
  A giant cockroach (D:2)
  2 goblins
  4 hobgoblins
  A quokka (D:2)
  2 frilled lizards
  A kobold (D:2)
  6 rats
34 creatures vanquished.

Notes
Turn   | Place    | Note
-------+----------+-------------------------------------------
     0 | D:1      | slaughtererex the Draconian Berserker began the quest for the Orb.
     0 | D:1      | Reached XP level 1. HP: 19/19 MP: 1/1
   205 | D:1      | Reached XP level 2. HP: 26/27 MP: 2/2
   889 | D:2      | Reached XP level 3. HP: 31/33 MP: 3/3
   948 | D:2      | Reached skill level 4 in Fighting
  2012 | D:3      | Noticed Jessica
  2022 | D:3      | Killed Jessica
  2022 | D:3      | Reached ** piety under Trog
  2022 | D:3      | Reached XP level 4. HP: 30/40 MP: 4/4
  2033 | D:3      | Noticed Sigmund
  2050 | D:3      | Slain by Sigmund

Vault maps used:
D:1:      dpeg_arrival_stonehenge_12_columns
D:2:      lemuel_upstairs_altar, roderic_digamma_sauvastika
D:3:      first_bread, uniq_grinder, uniq_jessica, uniq_ijyb, uniq_sigmund,
          uniq_terence

Skill      XL: |  1  2  3 |
---------------+----------+-----
Dodging        | 3 |  3.4
Fighting       | 4 |  4.2
Long Blades    | |  3.8
Stealth        | |  0.4

Action                   |  1- 3 |  4- 6 || total
-------------------------+-------+-------++-------
Melee: Falchion          |   115 |     5 ||   120
       Tailslap          |     7 |       ||     7
  Use: Potion            |     5 |     1 ||     6
       Scroll            |     1 |       ||     1
  Eat: Meat ration       |     1 |       ||     1
       Royal jelly       |     1 |       ||     1
Armor: Skin              |    46 |     2 ||    48
Dodge: Dodged            |    74 |     2 ||    76
       Rpst.: Falchion   |    24 |     1 ||    25
